 Dungeon Crawl Stone Soup version 0.29-a0-298-g3c90f9a769 (webtiles) character file.

Game seed: 15059220832942129023

7872 Dabor the Tainter (level 11, -15/53 (54) HPs)
             Began as a Deep Elf Venom Mage on Mar 23, 2022.
             Was an Elder of Sif Muna.
             Demolished by a wight
             ... wielding a +0 hand axe
              (16 damage)
             ... on level 9 of the Dungeon.
             The game lasted 00:39:34 (12256 turns).

Dabor the Tainter (Deep Elf Venom Mage)            Turns: 12256, Time: 00:39:34

HP:   -15/53 (54)   AC:  7    Str:  8    XL:     11   Next: 2%
MP:   27/27         EV: 14    Int: 25    God:    Sif Muna [****..]
Gold: 264           SH:  0    Dex: 21    Spells: 18/30 levels left

rFire   . . .      SeeInvis +   y - +7 long sword of the Cup {freeze, Drain rPois rN+ Str+3}
rCold   . . .      Faith    .   A - orb {mayhem}
rNeg    + . .      Spirit   .   g - +1 troll leather armour {Pargi}
rPois   +          Reflect  .   m - +0 helmet
rElec   .          Harm     .   h - +0 cloak
rCorr   .          Rampage  .   (no gloves)
Will    +....                   (no boots)
Stlth   ++........              c - amulet of regeneration
HPRegen 1.77/turn               n - +6 ring of dexterity
MPRegen 0.20/turn               o - ring of see invisible

@: mighty, lightly drained
A: no striking features
a: Renounce Religion, Channel Magic, Forget Spell, Divine Exegesis


You were on level 9 of the Dungeon.
You worshipped Sif Muna.
Sif Muna was greatly pleased with you.
You visited 1 branch of the dungeon, and saw 9 of its levels.
You also visited: Sewer.

You collected 688 gold pieces.
You spent 424 gold pieces at shops.

Inventory:

Hand Weapons
 y - the +7 long sword of the Cup (weapon) {freeze, Drain rPois rN+ Str+3}
   (You found it on level 6 of the Dungeon)

   It freezes those it strikes, dealing additional cold damage.
   It can also slow down cold-blooded creatures.
   Str:       It affects your strength (+3).
   rPois:     It protects you from poison.
   rN:        It protects you from negative energy.
   Drain:     It drains your maximum health when unequipped.
Armour
 g - a +1 troll leather armour (worn) {Pargi}
 h - a +0 cloak (worn)
 m - a +0 helmet (worn)
 A - an orb of mayhem (worn)
Jewellery
 c - an amulet of regeneration (around neck)
 n - a +6 ring of dexterity (left hand)
 o - a ring of see invisible (right hand)
 v - a ring of positive energy
Wands
 b - a wand of paralysis (3)
 u - a wand of iceblast (13)
Scrolls
 i - 2 scrolls of blinking
 p - 3 scrolls of teleportation
 q - a scroll of fog
 t - a scroll of enchant weapon
 x - 2 scrolls of amnesia
 C - 3 scrolls of enchant armour
 D - a scroll of fear
 E - a scroll of holy word
Potions
 d - 6 potions of might
 e - 8 potions of curing
 r - 2 potions of flight
 s - 4 potions of resistance
 z - a potion of ambrosia {unknown}
 B - a potion of magic
Miscellaneous
 k - a phantom mirror (inert)


   Skills:
 - Level 4.1 Dodging
 - Level 2.6 Stealth
 + Level 10.0 Spellcasting
 + Level 8.0 Transmutations
 - Level 3.0 Air Magic
 * Level 11.7 Poison Magic
 - Level 4.0 Invocations
 + Level 7.2 Evocations


You had 18 spell levels left.
You knew the following spells:

 Your Spells              Type           Power      Damage    Failure   Level
a - Sting                 Tmut/Pois      100%       1d8       1%          1
b - Poisonous Vapours     Pois/Air       98%        N/A       1%          2
c - Olgreb's Toxic Radia  Pois           63%        N/A       1%          4
d - Blink                 Tloc           24%        N/A       11%         2
e - Mephitic Cloud        Conj/Pois/Air  37%        N/A       2%          3

Your spell library contained the following spells:

 Spells                   Type           Power      Damage    Failure   Level
 Apportation              Tloc           24%        N/A       7%          1
 Magic Dart               Conj           48%        1d5       7%          1
 Summon Small Mammal      Summ           48%        N/A       7%          1
 Searing Ray              Conj           24%        2d5       11%         2
 Call Canine Familiar     Summ           12%        N/A       22%         3
 Portal Projectile        Hex/Tloc       24%        N/A       22%         3
 Stone Arrow              Conj/Erth      24%        3d8       22%         3
 Summon Guardian Golem    Hex/Summ       12%        N/A       22%         3
 Animate Armour           Summ/Erth      24%        N/A       56%         4
 Fulminant Prism          Conj/Hex       6%         3d7       56%         4
 Leda's Liquefaction      Hex/Erth       6%         N/A       56%         4
 Manifold Assault         Tloc           12%        N/A       89%         5
 Storm Form               Tmut/Air       20%        N/A       99%         7
 Lehudib's Crystal Spear  Conj/Erth      6%         10d3      100%        8


Dungeon Overview and Level Annotations

Branches:
Dungeon (9/15)             Temple (0/1) D:5            Lair (0/6) D:9
    Orc (0/2) D:9           Sewer (visited)

Altars:
Ashenzari
Cheibriados
Elyvilon
Hepliaklqana
Makhleb
Ru
Sif Muna

Shops:
D:9 ?

Annotations:
D:9 1 runed translucent door, hofbold's ghost, journeyman OgTm


Message History

You hit the wight but do no damage. The wight closely misses you. x2
You closely miss the wight. The wight barely misses you.
The wight hits you with a +0 hand axe!
You completely miss the wight. The wight closely misses you. x2
You barely miss the wight. The wight hits you but does no damage.
The wight hits you with a +0 hand axe!
You hit the wight.
The wight is lightly damaged.
The wight hits you with a +0 hand axe! The wight closely misses you.
You are too injured to fight recklessly!
You are too injured to fight recklessly!
You feel very mighty all of a sudden. The wight closely misses you.
The wight hits you with a +0 hand axe!
You hit the wight.
The wight is heavily damaged.
The wight closely misses you. x2
You closely miss the wight.
The wight is heavily damaged.
The wight closely misses you. The wight hits you with a +0 hand axe!
* * * LOW HITPOINT WARNING * * *
You partially resist.
You feel drained.
* * * LOW HITPOINT WARNING * * *
You barely miss the wight.
The wight is heavily damaged.
The wight closely misses you. The wight hits you with a +0 hand axe.
* * * LOW HITPOINT WARNING * * *
You slash the wight!
The wight is almost destroyed.
The wight hits you with a +0 hand axe!
* * * LOW HITPOINT WARNING * * *
The wight closely misses you.
You barely miss the wight.
The wight is almost destroyed.
The wight completely misses you. The wight misses you.
You barely miss the wight.
The wight is almost destroyed.
The wight hits you with a +0 hand axe.
* * * LOW HITPOINT WARNING * * *
The wight hits you with a +0 hand axe!
You die...

#.............................
#........................#####
#.####################..<# #.#
#...# #.# #...##### #.####
########........ #....##
####...............
#....#.[#++#[)#[..............
######?#....#@######..........
#.....z##...............
+......'.........)......
+......'.#######.......)
#......### #..).)).. #$#....#)
#...))... #.)#++# Q
####.).).### ### #
#.....8..... ##...........


You could see a neutral wight (fast, strong, insane).

Vanquished Creatures
  An ice dragon (D:9)
  2 two-headed ogres
  Pikel (D:6)
  Maggie (D:8)
  An efreet (D:8)
  Sigmund (D:2)
  A wyvern (D:9)
  A basilisk (D:9)
  2 yaks (D:9)
  A water moccasin (D:7)
  Pargi (Sewer)
  3 black bears
  3 orc warriors (D:9)
  An ice beast (D:5)
  An ogre (D:4)
  A centaur (D:9)
  4 lemures (D:6)
  3 phantoms
  A kobold brigand (D:4)
  3 bullfrogs
  2 scorpions
  3 necrophages
  A gnoll sergeant (D:6)
  6 wights
  5 killer bees
  An electric eel (D:9)
  2 howler monkeys
  5 jellies
  5 hounds
  7 orc priests
  A gnoll shaman (D:4)
  5 iguanas
  5 orc wizards
  A hound skeleton (D:3)
  Robin (D:3)
  13 gnolls
  6 adders
  3 shadow imps
  3 white imps (D:6)
  2 ufetubi (D:5)
  7 worms
  3 dart slugs
  19 orcs
  7 ball pythons
  12 endoplasms
  4 giant cockroaches
  18 goblins
  14 hobgoblins
  3 jackals (Sewer)
  5 kobolds
  5 quokkas
  A ball python zombie (D:3)
  6 bats
  4 frilled lizards
  A jackal zombie (D:3)
  5 rats
224 creatures vanquished.

Vanquished Creatures (collateral kills)
  A two-headed ogre (D:9)
  A yak (D:9)
  3 orcs (D:9)
5 creatures vanquished.

Vanquished Creatures (others)
  A plant (D:9)
  2 withered plants (D:3)
3 creatures vanquished.

Grand Total: 232 creatures vanquished

Notes
Turn   | Place    | Note
-------+----------+-------------------------------------------
     0 | D:1      | Dabor the Deep Elf Venom Mage began the quest for the Orb.
     0 | D:1      | Reached XP level 1. HP: 10/10 MP: 6/6
   283 | D:1      | Found a faded altar of an unknown god.
   321 | D:1      | Got Plato's Disquisition on the Traveller
   322 | D:1      | Prayed at the altar of an unknown god.
   322 | D:1      | Became a worshipper of Sif Muna the Loreminder
   322 | D:1      | Reached * piety under Sif Muna
   383 | D:1      | Reached XP level 2. HP: 15/15 MP: 6/8
   736 | D:1      | Reached XP level 3. HP: 19/19 MP: 5/9
  1069 | D:2      | Learned a level 2 spell: Poisonous Vapours
  1513 | D:2      | Reached skill level 1 in Invocations
  1689 | D:2      | Reached skill level 4 in Poison Magic
  1729 | D:2      | Found a snail-covered altar of Cheibriados.
  1850 | D:2      | Noticed Sigmund
  1859 | D:2      | Killed Sigmund
  1859 | D:2      | Reached ** piety under Sif Muna
  1860 | D:2      | Reached skill level 1 in Air Magic
  1860 | D:2      | Reached XP level 4. HP: 24/24 MP: 0/12
  1860 | D:2      | Reached XP level 5. HP: 28/28 MP: 0/13
  2131 | D:3      | Found a broken altar of Ashenzari.
  3120 | D:3      | Learned a level 4 spell: Olgreb's Toxic Radiance
  3131 | D:3      | Noticed Robin
  3260 | D:3      | Killed Robin
  3261 | D:3      | Reached XP level 6. HP: 32/32 MP: 1/14
  3744 | D:4      | Found a burning altar of Makhleb.
  3763 | D:4      | Reached skill level 5 in Poison Magic
  3963 | D:4      | Found a glowing drain.
  3971 | Sewer    | Entered a sewer
  4081 | Sewer    | Noticed Pargi
  4096 | Sewer    | Killed Pargi
  4410 | D:4      | Reached XP level 7. HP: 35/36 MP: 5/16
  4579 | D:4      | Reached skill level 1 in Evocations
  4732 | D:4      | Reached skill level 5 in Spellcasting
  4870 | D:4      | Reached skill level 6 in Poison Magic
  5075 | D:4      | Reached *** piety under Sif Muna
  5180 | D:4      | Found a sacrificial altar of Ru.
  5180 | D:4      | Found a shimmering blue altar of Sif Muna.
  5385 | D:4      | Found a hazy altar of Hepliaklqana.
  5576 | D:4      | Reached XP level 8. HP: 41/41 MP: 1/18
  6130 | D:5      | Entered Level 5 of the Dungeon
  6171 | D:4      | Learned a level 2 spell: Blink
  6362 | D:5      | Found a staircase to the Ecumenical Temple.
  6689 | D:5      | Reached skill level 7 in Poison Magic
  6857 | D:5      | Reached **** piety under Sif Muna
  7817 | D:6      | Noticed a two-headed ogre
  7829 | D:6      | Killed a two-headed ogre
  7830 | D:6      | Reached skill level 5 in Transmutations
  7830 | D:6      | Reached skill level 8 in Poison Magic
  7830 | D:6      | Reached XP level 9. HP: 19/45 MP: 5/21
  7858 | D:6      | Found a white marble altar of Elyvilon.
  8245 | D:6      | Noticed Pikel
  8258 | D:6      | Killed Pikel
  8259 | D:6      | Reached skill level 9 in Poison Magic
  8344 | D:6      | Reached skill level 5 in Evocations
  9016 | D:6      | Learned a level 3 spell: Mephitic Cloud
  9024 | D:6      | Identified the +7 long sword of the Cup {freeze, Drain
                  | rPois rN+ Str+3}
  9331 | D:7      | Identified the +5 long sword of Mayhem {flame, rF+ rCorr
                  | Dex+3}
  9912 | D:8      | Noticed Maggie
  9930 | D:8      | Killed Maggie
 10173 | D:8      | Reached XP level 10. HP: 50/50 MP: 16/24
 10180 | D:8      | Reached skill level 10 in Poison Magic
 10337 | D:8      | HP: 2/50 [wight/+2 long sword (12)]
 10757 | D:9      | Noticed a two-headed ogre
 10769 | D:9      | Killed a two-headed ogre
 10824 | D:9      | Noticed a two-headed ogre
 10838 | D:9      | Killed a two-headed ogre
 10917 | D:9      | Noticed hofbold's ghost (journeyman OgTm)
 10962 | D:9      | Reached skill level 11 in Poison Magic
 11037 | D:9      | Found a runed translucent door.
 11289 | D:9      | Found Yliurenan's Magic Scroll Emporium.
 11299 | D:9      | Bought a scroll of identify for 32 gold pieces
 11299 | D:9      | Bought a scroll of identify for 32 gold pieces
 11299 | D:9      | Bought a scroll of identify for 32 gold pieces
 11299 | D:9      | Bought a scroll of fear for 56 gold pieces
 11299 | D:9      | Bought a scroll of identify for 32 gold pieces
 11299 | D:9      | Bought a scroll of holy word for 120 gold pieces
 11299 | D:9      | Bought a scroll of enchant armour for 120 gold pieces
 11314 | D:9      | Identified the +3 leather armour "Uxti" {Dex+4}
 11664 | D:9      | Noticed an elephant
 11737 | D:9      | Found a staircase to the Orcish Mines.
 11765 | D:9      | Found a staircase to the Lair.
 11847 | D:9      | Noticed an ice dragon
 11877 | D:9      | Killed an ice dragon
 11878 | D:9      | Reached skill level 10 in Spellcasting
 11878 | D:9      | Reached XP level 11. HP: 30/54 MP: 4/27
 12239 | D:9      | Noticed a tengu warrior
 12254 | D:9      | HP: 1/53 [wight/+0 hand axe (12)]
 12256 | D:9      | Demolished by a wight

Illustrated notes

Levels and vault maps discovered:
D:1:      giann_forest_graveyard, layout_rooms,
          shapermc_ecumenical_altar_rom_forum, minivault_24, minmay_door_square
D:2:      layout_loops_ring, basic_altar, uniq_sigmund
D:3:      layout_basic, mainiacjoe_overflow_24_doors, serial_undead,
          serial_undead_c, serial_undead_a, serial_undead_f, serial_undead_a,
          uniq_robin
D:4:      minmay_recursive_quarters, layout_loops_ring,
          lemuel_coloured_pillars_altar, amcnicky_altar_gilded,
          gammafunk_temple_overflow_elements, gup_sewer_entry_bubbles,
          kennysheep_generic_room_6
D:5:      layout_basic, minmay_temple_entry_gardened_gates, nrook_uturn
D:6:      layout_loops_cross, mainiacjoe_overflow_concentric_impassable,
          minmay_a_box_with_orc_wizards_in_it, uniq_pikel
D:7:      layout_cave_pools
D:8:      layout_basic, uniq_maggie
D:9:      dragon1_lemuel, layout_long_grid, david_lair_generic, david_orc_2,
          hellmonk_ghost_big_iron, serial_shops, shop, lightli_fourway_metalbox

Skill      XL: |  1  2  3  4  5  6  7  8  9 10 |
---------------+-------------------------------+-----
Invocations    | 1 2 3 4 |  4.0
Poison Magic   | 4 5 6 8 9 11 | 11.7
Dodging        | 3 4 |  4.1
Spellcasting   | 4 5 7 8 10 | 10.0
Transmutations | 2 3 5 6 8 |  8.0
Air Magic      | 1 2 3 |  3.0
Evocations     | 2 4 5 7 |  7.2
Stealth        | |  2.6

Action                   |  1- 3 |  4- 6 |  7- 9 | 10-12 || total
-------------------------+-------+-------+-------+-------++-------
Melee: Unarmed           |     6 |       |       |       ||     6
       Dagger            |       |    14 |    86 |       ||   100
       Punch             |       |     1 |     1 |       ||     2
       Long sword        |       |       |       |    41 ||    41
 Cast: Sting             |    76 |    76 |   289 |    48 ||   489
       Poisonous Vapours |     3 |    13 |    27 |    34 ||    77
       Olgreb's Toxic Ra |       |     8 |    31 |    13 ||    52
Invok: Channel Magic     |       |     1 |       |       ||     1
Evoke: Wand              |       |       |       |     9 ||     9
       Phantom mirror    |       |       |       |     1 ||     1
  Use: Scroll            |     1 |     3 |     6 |     7 ||    17
       Potion            |       |       |     6 |     1 ||     7
 Stab: Sleeping          |     1 |     1 |       |     1 ||     3
Armor: Robe              |     2 |     9 |       |       ||    11
       Troll leather arm |       |     1 |    54 |     7 ||    62
Dodge: Dodged            |    13 |    34 |   160 |    57 ||   264

Table legend: (Time is in decaauts)
 A = Elapsed time spent in this place.
 B = Non-inter-level travel time spent in this place.
 C = Inter-level travel time spent in this place.
 D = Time resting spent in this place.
 E = Time spent auto-exploring this place.
 F = Levels seen in this place.
 G = Mean time per level.
                   A        B        C        D        E       F      G
               +--------+--------+--------+--------+--------+-----+--------+
         Total |  12286 |  11807 |    479 |    429 |   9511 |  10 | 1228.6 |
       Dungeon |  11992 |  11513 |    479 |    429 |   9279 |   9 | 1332.4 |
         Sewer |    294 |    294 |      0 |      0 |    232 |   1 |  294.0 |
               +--------+--------+--------+--------+--------+-----+--------+

Top non-repeatable levels by time:
     D:4: 2219 daAuts
     D:3: 1676 daAuts
     D:9: 1583 daAuts
     D:6: 1482 daAuts
     D:5: 1423 daAuts
     D:1: 1060 daAuts
     D:2: 1000 daAuts
     D:8: 880 daAuts
     D:7: 665 daAuts
   Sewer: 294 daAuts
